[Event "Cellavision Cup 2019"]
[Site "Lund"]
[Date "2019.08.02"]
[Round "1.2"]
[White "Johansson, Roland"]
[Black "Kryakvin, Dmitry"]
[Result "0-1"]
[ECO "B13"]
[WhiteElo "2002"]
[BlackElo "2586"]
[Annotator "ChessBase"]
[PlyCount "78"]
[EventDate "2019.08.02"]
[EventType "swiss"]
[EventCountry "SWE"]
[SourceTitle "playchess.com"]
[Source "ChessBase"]
[SourceQuality "1"]
[TimeControl "900+5"]

1. e4 c6 2. d4 d5 3. exd5 cxd5 4. c4 Nf6 5. Nc3 Nc6 6. Nf3 Be6 7. c5 g6 8. a3 Bg7 9. Be2 O-O 10. O-O Ne4 11. Qc2 Bf5 12. Bd3 Nxc3 13. Bxf5 Nb5 14. Qd3 Nbxd4 15. Bh3 Nxf3+ 16. Qxf3 e6 17. Rb1 a5 18. b4 axb4 19. axb4 Ne5 20. Qb3 Nc4 21. Rd1 Qh4 22. Rd3 Rfc8 23. Rg3 Qe4 24. Be3 Ra3 25. Qd1 Nxe3 26. Rxe3 Rxe3 27. fxe3 Qxe3+ 28. Kh1 Ra8 29. g3 Ra2 30. Bg2 Bd4 31. Qf3 Kg7 32. Qxe3 Bxe3 33. Bf1 h5 34. Rb3 Bd4 35. Bb5 g5 36. c6 bxc6 37. Bxc6 g4 38. b5 Ra1+ 39. Kg2 Rg1# 0-1

[Event "Cellavision Cup 2019"]
[Site "Lund"]
[Date "2019.08.02"]
[Round "1.3"]
[White "Kulaots, Kaido"]
[Black "Olsson, Thomas"]
[Result "1-0"]
[ECO "C72"]
[WhiteElo "2560"]
[BlackElo "1969"]
[Annotator "ChessBase"]
[PlyCount "81"]
[EventDate "2019.08.02"]
[EventType "swiss"]
[EventCountry "SWE"]
[SourceTitle "playchess.com"]
[Source "ChessBase"]
[SourceQuality "1"]
[TimeControl "900+5"]

1. e4 e5 2. Nf3 Nc6 3. Bb5 a6 4. Ba4 d6 5. O-O Bg4 6. h3 Bd7 7. c3 Nge7 8. d4 Ng6 9. Re1 Be7 10. Nbd2 h6 11. Nf1 O-O 12. Ng3 Bg5 13. Nxg5 hxg5 14. d5 Nb8 15. Bxd7 Nxd7 16. Nf5 Nf4 17. g3 Ng6 18. Qh5 Ne7 19. Bxg5 f6 20. Be3 Nxf5 21. Qxf5 Qe7 22. h4 Kf7 23. h5 Rh8 24. Kg2 Rag8 25. c4 b6 26. b4 Nf8 27. Rh1 g6 28. hxg6+ Nxg6 29. Rxh8 Rxh8 30. c5 bxc5 31. bxc5 Rg8 32. Rh1 Rg7 33. c6 a5 34. a4 Qe8 35. Kf3 Nf8 36. Bh6 Rh7 37. Kg2 Ng6 38. Bg5 Rxh1 39. Qxf6+ Kg8 40. Kxh1 Nf4 41. Qd8 1-0

[Event "Cellavision Cup 2019"]
[Site "Lund"]
[Date "2019.08.02"]
[Round "1.4"]
[White "Jonsson, Filip"]
[Black "Burg, Twan"]
[Result "0-1"]
[ECO "D47"]
[WhiteElo "1962"]
[BlackElo "2526"]
[Annotator "ChessBase"]
[PlyCount "70"]
[EventDate "2019.08.02"]
[EventType "swiss"]
[EventCountry "SWE"]
[SourceTitle "playchess.com"]
[Source "ChessBase"]
[SourceQuality "1"]
[TimeControl "900+5"]

1. d4 d5 2. c4 e6 3. Nc3 c6 4. Nf3 Nf6 5. e3 Nbd7 6. Bd3 dxc4 7. Bxc4 b5 8. Be2 Be7 9. e4 b4 10. Na4 Nxe4 11. Qc2 Ndf6 12. O-O O-O 13. Ne5 Bb7 14. Bf3 Qxd4 15. Nxc6 Bxc6 16. Qxc6 Rac8 17. Qa6 Nd5 18. Qe2 Nef6 19. Rd1 Qc4 20. Qe1 Rfd8 21. b3 Qb5 22. Bb2 Nf4 23. Rxd8+ Rxd8 24. Rd1 Rxd1 25. Qxd1 Qd3 26. Qxd3 Nxd3 27. Bd4 Nc1 28. Bxa7 Nxa2 29. Bd4 Nc1 30. Bd1 Nd5 31. Nb2 Nc3 32. Bxc3 bxc3 33. Nc4 Ne2+ 34. Kf1 Nd4 35. Ne3 Bg5 0-1

[Event "Cellavision Cup 2019"]
[Site "Lund"]
[Date "2019.08.02"]
[Round "1.5"]
[White "Marin, Mihail"]
[Black "Narva, David"]
[Result "1-0"]
[ECO "A02"]
[WhiteElo "2525"]
[BlackElo "1956"]
[Annotator "ChessBase"]
[PlyCount "53"]
[EventDate "2019.08.02"]
[EventType "swiss"]
[EventCountry "SWE"]
[SourceTitle "playchess.com"]
[Source "ChessBase"]
[SourceQuality "1"]
[TimeControl "900+5"]

1. f4 d6 2. Nf3 g6 3. g3 Bg7 4. Bg2 Nf6 5. O-O O-O 6. d3 Nc6 7. e4 e5 8. Na3 exf4 9. gxf4 Nh5 10. f5 d5 11. Bg5 Qd6 12. c3 Ne5 13. d4 Nxf3+ 14. Bxf3 dxe4 15. Bxh5 gxh5 16. f6 Bg4 17. Qd2 Rfe8 18. fxg7 e3 19. Qg2 Qg6 20. Bh4 e2 21. Rf4 Qd3 22. Re1 Qe3+ 23. Qf2 Qd2 24. Nc4 Qc2 25. Ne5 Be6 26. Rxe2 Qc1+ 27. Re1 1-0

[Event "Cellavision Cup 2019"]
[Site "Lund"]
[Date "2019.08.02"]
[Round "1.6"]
[White "Di Candia, Roberto"]
[Black "Blomqvist, Erik"]
[Result "0-1"]
[ECO "B22"]
[WhiteElo "1952"]
[BlackElo "2492"]
[Annotator "ChessBase"]
[PlyCount "56"]
[EventDate "2019.08.02"]
[EventType "swiss"]
[EventCountry "SWE"]
[SourceTitle "playchess.com"]
[Source "ChessBase"]
[SourceQuality "1"]
[TimeControl "900+5"]

1. e4 c5 2. c3 d5 3. exd5 Qxd5 4. d4 Nf6 5. Nf3 e6 6. Be3 cxd4 7. cxd4 Bb4+ 8. Nc3 O-O 9. a3 Bxc3+ 10. bxc3 b6 11. Bd3 Ba6 12. O-O Rc8 13. Rc1 Bxd3 14. Qxd3 Nbd7 15. c4 Qh5 16. Bf4 h6 17. Rfe1 Rd8 18. Bc7 Re8 19. Bg3 Qa5 20. Ne5 Rac8 21. h3 Red8 22. Qf3 Nxe5 23. Rxe5 Rd5 24. Rd1 Rxc4 25. Bh4 Rxe5 26. dxe5 Nd5 27. Qg3 Qa4 28. Rd3 Rxh4 0-1

[Event "Cellavision Cup 2019"]
[Site "Lund"]
[Date "2019.08.02"]
[Round "1.7"]
[White "Hector, Jonny"]
[Black "Gajic, Zoran"]
[Result "1-0"]
[ECO "B06"]
[WhiteElo "2487"]
[BlackElo "2267"]
[Annotator "ChessBase"]
[PlyCount "59"]
[EventDate "2019.08.02"]
[EventType "swiss"]
[EventCountry "SWE"]
[SourceTitle "playchess.com"]
[Source "ChessBase"]
[SourceQuality "1"]
[TimeControl "900+5"]

1. e4 g6 2. d4 Bg7 3. f4 d6 4. Nf3 Nd7 5. e5 e6 6. Be3 Ne7 7. Bd3 dxe5 8. fxe5 O-O 9. Nbd2 Nd5 10. Bg5 f6 11. exf6 Bxf6 12. Ne4 Bxg5 13. Nexg5 Nf4 14. Qd2 Nb6 15. O-O-O Nxd3+ 16. Qxd3 Qd5 17. b3 Rf5 18. h4 Bd7 19. Ne5 Re8 20. g4 Rxe5 21. dxe5 Qxe5 22. Kb1 c5 23. Qf3 Qg7 24. Qxb7 Nd5 25. Rxd5 exd5 26. Qxd5+ Kh8 27. Rd1 Bxg4 28. Nf7+ Kg8 29. Nh6+ Kh8 30. Nxg4 1-0

[Event "Cellavision Cup 2019"]
[Site "Lund"]
[Date "2019.08.02"]
[Round "1.8"]
[White "Carnstam, Tomas"]
[Black "Cramling, Pia"]
[Result "0-1"]
[ECO "A13"]
[WhiteElo "1967"]
[BlackElo "2479"]
[Annotator "ChessBase"]
[PlyCount "78"]
[EventDate "2019.08.02"]
[EventType "swiss"]
[EventCountry "SWE"]
[SourceTitle "playchess.com"]
[Source "ChessBase"]
[SourceQuality "1"]
[TimeControl "900+5"]

1. c4 e6 2. Nc3 b6 3. Nf3 Bb7 4. e4 Bb4 5. Qc2 Ne7 6. d4 O-O 7. Bd3 f5 8. d5 Na6 9. a3 Bxc3+ 10. Qxc3 Nc5 11. exf5 exd5 12. Bg5 Qe8 13. f6 gxf6 14. Be3 Nxd3+ 15. Qxd3 Qg6 16. O-O-O Qxd3 17. Rxd3 d6 18. cxd5 Bxd5 19. Bh6 Rfe8 20. Bd2 Be4 21. Rd4 Nf5 22. Rc4 c5 23. Kd1 d5 24. Rc1 Kf7 25. Ne1 Nd4 26. Rc3 Bg6 27. f3 c4 28. h4 h5 29. b4 a5 30. Re3 axb4 31. Rxe8 Kxe8 32. Bxb4 Nc6 33. Nc2 Kd7 34. Kd2 Bxc2 35. Kxc2 Nxb4+ 36. axb4 Ra2+ 37. Kc3 Rxg2 38. Rd1 Kd6 39. Ra1 Rf2 0-1

[Event "Cellavision Cup 2019"]
[Site "Lund"]
[Date "2019.08.02"]
[Round "1.9"]
[White "Dourerassou, Jonathan"]
[Black "Mitra, Akash"]
[Result "1-0"]
[ECO "B45"]
[WhiteElo "2477"]
[BlackElo "1957"]
[Annotator "ChessBase"]
[PlyCount "81"]
[EventDate "2019.08.02"]
[EventType "swiss"]
[EventCountry "SWE"]
[SourceTitle "playchess.com"]
[Source "ChessBase"]
[SourceQuality "1"]
[TimeControl "900+5"]

1. e4 c5 2. Nc3 e6 3. Nf3 Nc6 4. d4 cxd4 5. Nxd4 Nf6 6. Be3 Bb4 7. Nxc6 bxc6 8. Bd3 O-O 9. e5 Nd5 10. Bd2 a5 11. O-O d6 12. Qh5 g6 13. Qe2 dxe5 14. Qxe5 Qf6 15. Qe1 Nxc3 16. bxc3 Bd6 17. Qe4 Bb7 18. Rab1 Rab8 19. c4 Qe5 20. Qxe5 Bxe5 21. Bxa5 c5 22. Bb6 Rfc8 23. Ba7 Bc6 24. Bxb8 Bxb8 25. Rb6 Be5 26. Rfb1 Rc7 27. Ra6 Bd4 28. Kf1 e5 29. Rbb6 Bd7 30. Be4 Be6 31. Bd5 Bf5 32. Rb7 Rxb7 33. Bxb7 Bxc2 34. Ke2 e4 35. Bd5 Bd3+ 36. Ke1 Bc3+ 37. Kd1 Bd4 38. Ra8+ Kg7 39. Ra7 h5 40. Rxf7+ Kh6 41. a4 1-0

[Event "Cellavision Cup 2019"]
[Site "Lund"]
[Date "2019.08.02"]
[Round "1.10"]
[White "Lindquist, Per"]
[Black "Popilski, Gil"]
[Result "0-1"]
[ECO "A40"]
[WhiteElo "1934"]
[BlackElo "2467"]
[Annotator "ChessBase"]
[PlyCount "58"]
[EventDate "2019.08.02"]
[EventType "swiss"]
[EventCountry "SWE"]
[SourceTitle "playchess.com"]
[Source "ChessBase"]
[SourceQuality "1"]
[TimeControl "900+5"]

1. d4 Nf6 2. c4 e6 3. g3 Bb4+ 4. Bd2 Be7 5. Bg2 O-O 6. Nf3 c5 7. O-O cxd4 8. Nxd4 Nc6 9. Nxc6 bxc6 10. Nc3 d5 11. cxd5 cxd5 12. e4 Ba6 13. Re1 d4 14. Ne2 e5 15. Qa4 Qb6 16. b4 Rfc8 17. Rac1 Bc4 18. Kh1 Ng4 19. Bh3 Nxf2+ 20. Kg2 Nxh3 21. Kxh3 Qb7 22. Ng1 Bd3 23. Rxc8+ Rxc8 24. Nf3 Bxe4 25. Rxe4 Qxe4 26. Qd7 Rf8 27. Qxe7 Qxf3 28. Qxe5 Qf1+ 29. Kh4 Qf2 0-1

[Event "Cellavision Cup 2019"]
[Site "Lund"]
[Date "2019.08.02"]
[Round "1.11"]
[White "Smith, Axel"]
[Black "Petersson, Kjell"]
[Result "1-0"]
[ECO "B23"]
[WhiteElo "2469"]
[BlackElo "1931"]
[Annotator "ChessBase"]
[PlyCount "127"]
[EventDate "2019.08.02"]
[EventType "swiss"]
[EventCountry "SWE"]
[SourceTitle "playchess.com"]
[Source "ChessBase"]
[SourceQuality "1"]
[TimeControl "900+5"]

1. e4 c5 2. Nc3 d6 3. f4 Nc6 4. Nf3 g6 5. Bb5 Bd7 6. O-O e6 7. Bxc6 Bxc6 8. d4 cxd4 9. Qxd4 Qb6 10. Qxb6 axb6 11. Be3 Bg7 12. Nd4 Rc8 13. Ndb5 Ke7 14. Rad1 Bxb5 15. Nxb5 Rc6 16. c3 Nf6 17. Bd4 Ra8 18. a3 Ne8 19. Bxg7 Nxg7 20. Rd4 Rd8 21. Rfd1 Ne8 22. Rb4 d5 23. Nd4 Rc7 24. e5 Ng7 25. Rxb6 Nf5 26. Nxf5+ gxf5 27. Rd4 f6 28. exf6+ Kxf6 29. Kf2 Rdd7 30. g3 h5 31. a4 h4 32. gxh4 Rh7 33. Rxd5 Rxh4 34. Kg3 Rg4+ 35. Kf3 Rh7 36. Rdd6 Rh3+ 37. Ke2 Rxh2+ 38. Kd3 Rxf4 39. Rxe6+ Kg5 40. Rg6+ Kh4 41. Rxb7 Rg4 42. Rh6+ Kg3 43. Rxh2 Kxh2 44. Rf7 f4 45. a5 Kg3 46. a6 f3 47. Ke3 Ra4 48. Rxf3+ Kg4 49. Rf6 Kg5 50. Rd6 Kf5 51. b4 Ke5 52. Rh6 Kd5 53. Kd3 Ra3 54. Rh5+ Kc6 55. Kc4 Kb6 56. Rh6+ Ka7 57. Rg6 Ra1 58. Kb5 Rf1 59. Rg7+ Ka8 60. c4 Rf5+ 61. c5 Re5 62. Kb6 Re6+ 63. c6 Rf6 64. Rg8+ 1-0

[Event "Cellavision Cup 2019"]
[Site "Lund"]
[Date "2019.08.02"]
[Round "1.12"]
[White "Forsberg, Andre"]
[Black "Hansen, Torbjorn Ringdal"]
[Result "0-1"]
[ECO "B12"]
[WhiteElo "1982"]
[BlackElo "2432"]
[Annotator "NA"]
[PlyCount "56"]
[EventDate "2019.08.02"]
[EventType "swiss"]
[EventCountry "SWE"]
[SourceTitle "playchess.com"]
[Source "ChessBase"]
[SourceQuality "1"]
[TimeControl "900+5"]

1. e4 c6 2. d4 d5 3. f3 e6 4. Nc3 Bb4 5. Nge2 Nf6 6. e5 Nfd7 7. a3 Be7 8. f4 c5 9. Be3 Nc6 10. dxc5 Bxc5 11. Bxc5 Nxc5 12. Nd4 O-O 13. b4 Nd7 14. Ncb5 a6 15. Nd6 Ndxe5 16. Nxc8 Rxc8 17. Nxc6 Nxc6 18. Bd3 Qb6 19. Qd2 e5 20. fxe5 Nxe5 21. O-O-O Qf6 22. Rhf1 Nxd3+ 23. Qxd3 Qa1+ 24. Kd2 Qb2 25. Rf4 Rfe8 26. Rc1 Rc4 27. Rxc4 dxc4 28. Qd7 Qe5 0-1

[Event "Cellavision Cup 2019"]
[Site "Lund"]
[Date "2019.08.02"]
[Round "1.13"]
[White "Solozhenkin, Evgeniy"]
[Black "Helin, Mikael"]
[Result "0-1"]
[ECO "B07"]
[WhiteElo "2423"]
[BlackElo "1923"]
[Annotator "NA"]
[PlyCount "56"]
[EventDate "2019.08.02"]
[EventType "swiss"]
[EventCountry "SWE"]
[SourceTitle "playchess.com"]
[Source "ChessBase"]
[SourceQuality "1"]
[TimeControl "900+5"]

1. d4 d6 2. e4 Nf6 3. Nc3 Nbd7 4. Nf3 e5 5. Bc4 Be7 6. a4 a5 7. Bxf7+ Kxf7 8. Ng5+ Kg8 9. Ne6 Qe8 10. Nxc7 Qg6 11. Nxa8 Qxg2 12. Rf1 exd4 13. Qxd4 Ne5 14. Qb6 Nf3+ 15. Ke2 Bg4 16. Be3 Nxh2+ 17. Kd3 Nxf1 18. Qxb7 Kf7 19. Nc7 Nxe3 20. fxe3 Nd7 21. Kc4 Be2+ 22. Kd4 Bf6+ 23. Kd5 Qg5+ 24. Kc6 Nb8+ 25. Qxb8 Rxb8 26. N7d5 Rc8+ 27. Kb7 Qg4 28. Nxe2 Qd7+ 0-1

[Event "Cellavision Cup 2019"]
[Site "Lund"]
[Date "2019.08.02"]
[Round "1.14"]
[White "Sjodahl, Sten"]
[Black "Seo, Jung Min"]
[Result "0-1"]
[ECO "B90"]
[WhiteElo "1923"]
[BlackElo "2399"]
[Annotator "NA"]
[PlyCount "104"]
[EventDate "2019.08.02"]
[EventType "swiss"]
[EventCountry "SWE"]
[SourceTitle "playchess.com"]
[Source "ChessBase"]
[SourceQuality "1"]
[TimeControl "900+5"]

1. e4 c5 2. Nf3 d6 3. d4 cxd4 4. Nxd4 Nf6 5. Nc3 a6 6. f3 e6 7. Be3 Be7 8. Qd2 b5 9. g4 Bb7 10. O-O-O Nc6 11. g5 Nd7 12. h4 Rc8 13. Kb1 Nb6 14. Bh3 Nc4 15. Qf2 Nxe3 16. Qxe3 O-O 17. Nxe6 fxe6 18. Bxe6+ Kh8 19. Bxc8 Qxc8 20. Nd5 Bd8 21. h5 Ne5 22. h6 Rxf3 23. hxg7+ Kxg7 24. Qd4 Qc5 25. Qd2 Rf2 26. Qc3 Qxc3 27. Nxc3 Nf7 28. Rhe1 Bxg5 29. e5 dxe5 30. Rd7 Bc8 31. Rc7 Bf5 32. Nd5 Rd2 33. Nb4 a5 34. Nd3 Bxd3 35. cxd3 Rxd3 36. Rc5 b4 37. Rxa5 h5 38. Ra7 Kf6 39. Kc2 Rf3 40. Re4 Rf4 41. Re2 h4 42. Ra6+ Kf5 43. Rb6 h3 44. a4 bxa3 45. bxa3 Nh6 46. Rb4 Rxb4 47. axb4 Bf4 48. b5 h2 49. Re1 Ng4 50. b6 Nf2 51. b7 e4 52. Rb1 h1=Q 0-1

[Event "Cellavision Cup 2019"]
[Site "Lund"]
[Date "2019.08.02"]
[Round "1.15"]
[White "Kristiansen, Jens"]
[Black "Andersson, Kjell-Ake"]
[Result "1-0"]
[ECO "A46"]
[WhiteElo "2400"]
[BlackElo "1859"]
[Annotator "NA"]
[PlyCount "59"]
[EventDate "2019.08.02"]
[EventType "swiss"]
[EventCountry "SWE"]
[SourceTitle "playchess.com"]
[Source "ChessBase"]
[SourceQuality "1"]
[TimeControl "900+5"]

1. Nf3 Nf6 2. d4 e6 3. e3 Be7 4. Bd3 b6 5. O-O Bb7 6. c4 O-O 7. Nc3 c5 8. d5 exd5 9. cxd5 d6 10. e4 Nbd7 11. h3 a6 12. a4 Re8 13. Bf4 Bf8 14. Re1 Qc7 15. Nd2 Ne5 16. Bf1 Nfd7 17. Bg3 Ng6 18. Nc4 Rad8 19. h4 Nge5 20. Ne3 Nf6 21. h5 Bc8 22. Bh4 Be7 23. Be2 Ned7 24. Bg3 Bf8 25. Bd3 Ne5 26. Bc2 Nfg4 27. Nf5 Bxf5 28. exf5 Nf6 29. Bh4 Be7 30. h6 1-0

[Event "Cellavision Cup 2019"]
[Site "Lund"]
[Date "2019.08.02"]
[Round "1.16"]
[White "Kittilsen, Sigurd"]
[Black "Jepson, Christian"]
[Result "0-1"]
[ECO "B07"]
[WhiteElo "1894"]
[BlackElo "2391"]
[Annotator "NA"]
[PlyCount "95"]
[EventDate "2019.08.02"]
[EventType "swiss"]
[EventCountry "SWE"]
[SourceTitle "playchess.com"]
[Source "ChessBase"]
[SourceQuality "1"]
[TimeControl "900+5"]

1. e4 d6 2. d4 Nf6 3. Nc3 g6 4. Bg5 c6 5. Qd2 Nbd7 6. Bh6 Bxh6 7. Qxh6 Qa5 8. Bd3 c5 9. Qd2 cxd4 10. Nb5 Qxd2+ 11. Kxd2 O-O 12. Nf3 Nc5 13. Rhe1 a6 14. Nbxd4 e5 15. Ne2 Nfxe4+ 16. Bxe4 Nxe4+ 17. Ke3 Nf6 18. h3 Nd5+ 19. Kd2 Bd7 20. c4 Nf6 21. Nc3 Rfc8 22. b3 Bc6 23. Rad1 b5 24. cxb5 axb5 25. Ra1 b4 26. Nd1 Ra6 27. Nb2 Rca8 28. a4 bxa3 29. Nc4 Ne4+ 30. Ke2 Nc5 31. Nfd2 Bb5 32. f3 d5 33. b4 Ne6 34. Kf2 Bxc4 35. Rxe5 a2 36. Ke3 Kg7 37. Nxc4 dxc4 38. Rb5 Ra3+ 39. Kd2 Rb3 40. Ra5 Rxa5 41. bxa5 Ra3 42. Kc2 c3 43. g3 Nd4+ 44. Kd3 c2+ 45. Kd2 Nb3+ 46. Kxc2 Nxa1+ 47. Kb2 Rxa5 48. Kxa1 0-1

[Event "Cellavision Cup 2019"]
[Site "Lund"]
[Date "2019.08.02"]
[Round "2.2"]
[White "Kryakvin, Dmitry"]
[Black "Berggren Torell, Harald"]
[Result "1-0"]
[ECO "A41"]
[WhiteElo "2586"]
[BlackElo "2137"]
[Annotator "ChessBase"]
[PlyCount "39"]
[EventDate "2019.08.02"]
[EventType "swiss"]
[EventCountry "SWE"]
[SourceTitle "playchess.com"]
[Source "ChessBase"]
[SourceQuality "1"]
[TimeControl "900+5"]

1. d4 d6 2. Nf3 g6 3. g3 Bg7 4. Bg2 a6 5. O-O Bd7 6. Nc3 Qc8 7. Re1 Bh3 8. Bh1 h5 9. e4 Bg4 10. e5 dxe5 11. dxe5 Nc6 12. Bf4 Bh6 13. Qd2 Qf5 14. Rad1 g5 15. Nxg5 Bxd1 16. Be4 Qd7 17. Qxd7+ Kxd7 18. Nxf7 Bxf4 19. Rxd1+ Kc8 20. gxf4 1-0

[Event "Cellavision Cup 2019"]
[Site "Lund"]
[Date "2019.08.02"]
[Round "2.3"]
[White "Wahlund, Max"]
[Black "Kulaots, Kaido"]
[Result "0-1"]
[ECO "A40"]
[WhiteElo "2100"]
[BlackElo "2560"]
[Annotator "ChessBase"]
[PlyCount "40"]
[EventDate "2019.08.02"]
[EventType "swiss"]
[EventCountry "SWE"]
[SourceTitle "playchess.com"]
[Source "ChessBase"]
[SourceQuality "1"]
[TimeControl "900+5"]

1. d4 Nf6 2. c4 e6 3. g3 Bb4+ 4. Bd2 Be7 5. Bg2 d5 6. Nf3 O-O 7. O-O c6 8. Qc2 Nbd7 9. Bf4 h6 10. Rd1 a5 11. b3 a4 12. Nc3 a3 13. e4 Bb4 14. exd5 exd5 15. Ne5 Nb6 16. Rac1 Be6 17. c5 Nbd7 18. Ne2 Re8 19. Nxd7 Qxd7 20. Be5 Bf5 0-1

[Event "Cellavision Cup 2019"]
[Site "Lund"]
[Date "2019.08.02"]
[Round "2.4"]
[White "Burg, Twan"]
[Black "Unmack, Christian"]
[Result "1-0"]
[ECO "C65"]
[WhiteElo "2526"]
[BlackElo "2133"]
[Annotator "ChessBase"]
[PlyCount "51"]
[EventDate "2019.08.02"]
[EventType "swiss"]
[EventCountry "SWE"]
[SourceTitle "playchess.com"]
[Source "ChessBase"]
[SourceQuality "1"]
[TimeControl "900+5"]

1. e4 e5 2. Nf3 Nc6 3. Bb5 Nf6 4. d3 Bc5 5. c3 d6 6. h3 h6 7. Nbd2 Be6 8. d4 exd4 9. cxd4 Bb4 10. d5 Nxd5 11. exd5 Bxd5 12. O-O Qf6 13. Nb3 Bxf3 14. Qxf3 Qxf3 15. gxf3 d5 16. Be3 a6 17. Bxc6+ bxc6 18. Rac1 Kd7 19. a3 Bd6 20. Na5 Be5 21. b4 Bb2 22. Rb1 Bc3 23. Rfc1 d4 24. Bxd4 Bxd4 25. Rd1 c5 26. bxc5 1-0

[Event "Cellavision Cup 2019"]
[Site "Lund"]
[Date "2019.08.02"]
[Round "2.5"]
[White "Malmqvist, Glenn"]
[Black "Marin, Mihail"]
[Result "0-1"]
[ECO "A10"]
[WhiteElo "2121"]
[BlackElo "2525"]
[Annotator "ChessBase"]
[PlyCount "69"]
[EventDate "2019.08.02"]
[EventType "swiss"]
[EventCountry "SWE"]
[SourceTitle "playchess.com"]
[Source "ChessBase"]
[SourceQuality "1"]
[TimeControl "900+5"]

1. c4 f5 2. Nc3 Nf6 3. g3 g6 4. Bg2 Bg7 5. d3 O-O 6. e4 d6 7. Nge2 e5 8. Bg5 h6 9. Bxf6 Qxf6 10. Nd5 Qf7 11. O-O c6 12. Ndc3 f4 13. f3 Na6 14. d4 exd4 15. Nxd4 Qxc4 16. Nde2 Qc5+ 17. Kh1 g5 18. gxf4 gxf4 19. Qd2 Be5 20. Rg1 Kh7 21. Nc1 Be6 22. Nd3 Qa5 23. Nxe5 dxe5 24. Qd6 Rae8 25. Bf1 Qc5 26. Qd2 Rd8 27. Qe1 Nb4 28. Qh4 Rg8 29. Be2 Nc2 30. Rac1 Rxg1+ 31. Rxg1 Rg8 32. Rxg8 Bxg8 33. Qf6 Nd4 34. Qd8 b5 35. Qd7+ 0-1

[Event "Cellavision Cup 2019"]
[Site "Lund"]
[Date "2019.08.02"]
[Round "2.6"]
[White "Blomqvist, Erik"]
[Black "Petersen, Steen"]
[Result "1-0"]
[ECO "C84"]
[WhiteElo "2492"]
[BlackElo "2129"]
[Annotator "ChessBase"]
[PlyCount "65"]
[EventDate "2019.08.02"]
[EventType "swiss"]
[EventCountry "SWE"]
[SourceTitle "playchess.com"]
[Source "ChessBase"]
[SourceQuality "1"]
[TimeControl "900+5"]

1. e4 e5 2. Nf3 Nc6 3. Bb5 a6 4. Ba4 Nf6 5. O-O Be7 6. d3 b5 7. Bb3 O-O 8. Nc3 h6 9. h3 d6 10. a3 Na5 11. Ba2 c5 12. b4 Nc6 13. Nd5 Re8 14. c3 Bf8 15. Be3 Be6 16. Re1 Bxd5 17. exd5 Ne7 18. bxc5 Nexd5 19. Bd2 Rc8 20. cxd6 Nxc3 21. Bxc3 Rxc3 22. Nxe5 Rxe5 23. Rxe5 Qxd6 24. d4 Rxa3 25. Bb3 Qc7 26. Rxa3 Bxa3 27. Re2 Bd6 28. Rc2 Qd7 29. Qf3 Qa7 30. Rc8+ Bf8 31. Qa8 Qe7 32. g3 Ne8 33. Rxe8 1-0

[Event "Cellavision Cup 2019"]
[Site "Lund"]
[Date "2019.08.02"]
[Round "2.8"]
[White "Cramling, Pia"]
[Black "Fransson, Patrick"]
[Result "1-0"]
[ECO "A04"]
[WhiteElo "2479"]
[BlackElo "2113"]
[Annotator "ChessBase"]
[PlyCount "51"]
[EventDate "2019.08.02"]
[EventType "swiss"]
[EventCountry "SWE"]
[SourceTitle "playchess.com"]
[Source "ChessBase"]
[SourceQuality "1"]
[TimeControl "900+5"]

1. Nf3 d6 2. d4 g6 3. g3 Bg7 4. Bg2 Nf6 5. b3 O-O 6. Bb2 c6 7. O-O Qc7 8. Nbd2 Nbd7 9. e4 Ne8 10. c4 e5 11. Qc2 f5 12. Ng5 Ndf6 13. dxe5 dxe5 14. c5 h6 15. Qc4+ Kh8 16. Ne6 Bxe6 17. Qxe6 Qa5 18. Nc4 Qxc5 19. Ba3 Qb5 20. Bxf8 Bxf8 21. Nxe5 Bg7 22. Nxg6+ Kh7 23. Ne7 Nc7 24. Qf7 fxe4 25. Qg6+ Kh8 26. Nf5 1-0

[Event "Cellavision Cup 2019"]
[Site "Lund"]
[Date "2019.08.02"]
[Round "2.9"]
[White "Ollen, Martin"]
[Black "Dourerassou, Jonathan"]
[Result "0-1"]
[ECO "B33"]
[WhiteElo "2096"]
[BlackElo "2477"]
[Annotator "ChessBase"]
[PlyCount "80"]
[EventDate "2019.08.02"]
[EventType "swiss"]
[EventCountry "SWE"]
[SourceTitle "playchess.com"]
[Source "ChessBase"]
[SourceQuality "1"]
[TimeControl "900+5"]

1. e4 c5 2. Nf3 Nc6 3. d4 cxd4 4. Nxd4 Nf6 5. Nc3 e6 6. Be3 Bb4 7. f3 d5 8. Bb5 Bd7 9. Bxc6 bxc6 10. e5 Ng8 11. O-O c5 12. Ndb5 d4 13. Nd6+ Kf8 14. Nce4 dxe3 15. a3 Bd2 16. Nxd2 exd2 17. Qxd2 Ne7 18. Rfd1 Be8 19. b4 cxb4 20. axb4 Nf5 21. c4 Nxd6 22. exd6 Bd7 23. c5 Qc8 24. Rdc1 Qc6 25. Ra5 a6 26. Qa2 Qb7 27. Rb1 Bb5 28. Qd2 Rd8 29. Rc1 Qc6 30. Ra3 f6 31. Re3 Kf7 32. Qd4 Rhe8 33. h4 e5 34. Qg4 Rxd6 35. h5 Rd4 36. Re4 Rxe4 37. fxe4 Qd7 38. Qg3 Rd8 39. h6 g6 40. Kh2 Qd2 0-1

[Event "Cellavision Cup 2019"]
[Site "Lund"]
[Date "2019.08.02"]
[Round "2.10"]
[White "Popilski, Gil"]
[Black "Eriksson, Kristian"]
[Result "1-0"]
[ECO "C92"]
[WhiteElo "2467"]
[BlackElo "2123"]
[Annotator "ChessBase"]
[PlyCount "71"]
[EventDate "2019.08.02"]
[EventType "swiss"]
[EventCountry "SWE"]
[SourceTitle "playchess.com"]
[Source "ChessBase"]
[SourceQuality "1"]
[TimeControl "900+5"]

1. e4 e5 2. Nf3 Nc6 3. Bb5 a6 4. Ba4 Nf6 5. O-O Be7 6. Re1 b5 7. Bb3 d6 8. c3 O-O 9. h3 Nd7 10. d4 Bf6 11. d5 Ne7 12. a4 Bb7 13. axb5 axb5 14. Rxa8 Qxa8 15. Na3 Ba6 16. Nc2 Nc5 17. Ba2 Ng6 18. Bb1 Bc8 19. Ne3 Nf4 20. Ng4 Bxg4 21. hxg4 h6 22. g3 Ng6 23. Kg2 c6 24. dxc6 Qxc6 25. g5 hxg5 26. Nxg5 Bxg5 27. Bxg5 Ne6 28. Be3 Ra8 29. Bc2 Ra2 30. Qb1 Qa8 31. Bb3 Ra6 32. Bd5 Qc8 33. Qd1 Nc7 34. Bb3 Qa8 35. Qf3 Ra1 36. Bxf7+ 1-0

[Event "Cellavision Cup 2019"]
[Site "Lund"]
[Date "2019.08.02"]
[Round "2.11"]
[White "Brondal, Paul"]
[Black "Smith, Axel"]
[Result "0-1"]
[ECO "B41"]
[WhiteElo "2090"]
[BlackElo "2469"]
[Annotator "ChessBase"]
[PlyCount "46"]
[EventDate "2019.08.02"]
[EventType "swiss"]
[EventCountry "SWE"]
[SourceTitle "playchess.com"]
[Source "ChessBase"]
[SourceQuality "1"]
[TimeControl "900+5"]

1. e4 c5 2. Nf3 e6 3. d4 cxd4 4. Nxd4 a6 5. c4 Nf6 6. Nc3 Qc7 7. Be2 Bb4 8. O-O Bxc3 9. bxc3 Nxe4 10. Qd3 Nc5 11. Qe3 O-O 12. Ba3 d6 13. Nb3 b6 14. Rad1 Bb7 15. Qd4 Rd8 16. Qh4 Nbd7 17. Qe7 Ne4 18. Bxd6 Qc8 19. Be5 Nxe5 20. Rxd8+ Qxd8 21. Qxb7 Nd6 22. Qxa8 Qxa8 23. Rd1 Ne4 0-1